 Dungeon Crawl Stone Soup version 0.19-a0-1168-g98094fc (webtiles) character file.

9622 MackTheKnife the Carver (level 11, -3/63 HPs)
             Began as a Kobold Wanderer on Aug 15, 2016.
             Was an Elder of Hepliaklqana.
             Slain by a spark wasp (12 damage)
             ... on level 1 of the Lair of Beasts.
             The game lasted 00:31:51 (11390 turns).

MackTheKnife the Carver (Kobold Wanderer)          Turns: 11390, Time: 00:31:52

Health: -3/63      AC: 16    Str: 11    XL:     11   Next: 77%
Magic:  11/11      EV: 18    Int: 10    God:    Hepliaklqana [****..]
Gold:   517        SH:  7    Dex: 19    Spells: 0 memorised, 10 levels left

rFire  + + .     SeeInvis .     a - +4 falchion (elec)
rCold  . . .     Gourm    .     G - +2 leather armour {rF+}
rNeg   . . .     Faith    .     U - +0 shield (curse)
rPois  .         Spirit   .     p - +0 helmet
rElec  .         Dismiss  .     h - +0 cloak
rCorr  .         Reflect  .     u - +1 pair of gloves
MR     .....     Harm     .     Q - +0 pair of boots
Stlth  ++++......               r - amulet of regeneration {+regen, !d}
                                y - ring of protection from fire {rF+, !d}
                                l - +3 ring of protection

@: no status effects
A: thin metallic scales 1, carnivore 3
a: Recall Ancestor, Ancestor Identity, Transference, Idealise, Renounce Religion


You were on level 1 of the Lair of Beasts.
You worshipped Hepliaklqana.
Hepliaklqana was greatly pleased with you.
You were very full.

You visited 3 branches of the dungeon, and saw 12 of its levels.

You collected 829 gold pieces.
You spent 312 gold pieces at shops.

Inventory:

Hand Weapons
 a - a +4 falchion of electrocution (weapon)
   (You took it off an orc on level 5 of the Dungeon)
 c - a +0 blowgun
   (You took it off a kobold on level 3 of the Dungeon)
Missiles
 w - 27 poisoned needles
 x - 3 throwing nets {=f, !d}
 N - 5 curare-tipped needles
Armour
 h - a +0 cloak (worn)
   (You found it on level 8 of the Dungeon)
 p - a +0 helmet (worn)
   (You found it on level 2 of the Dungeon)
 u - a +1 pair of gloves (worn)
   (You found it on level 2 of the Dungeon)
 G - a +2 leather armour of fire resistance (worn)
   (You took it off an orc on level 6 of the Dungeon)
 Q - a +0 pair of boots (worn)
   (You found it on level 7 of the Dungeon)
 S - a steam dragon hide {rSteam}
   (You found it on level 9 of the Dungeon)
 U - a cursed +0 shield (worn)
   (You took it off a gnoll sergeant on level 10 of the Dungeon)
Jewellery
 l - a +3 ring of protection (left hand)
   (You found it on level 1 of the Dungeon)
 r - an amulet of regeneration (around neck) {+regen, !d}
   (You found it on level 10 of the Dungeon)
 y - a ring of protection from fire (right hand) {rF+, !d}
   (You found it on level 3 of the Dungeon)
 A - an uncursed ring of see invisible {sInv, !d}
   (You found it on level 4 of the Dungeon)
 I - an uncursed ring of stealth {Stlth+}
   (You found it on level 5 of the Dungeon)
Wands
 d - a wand of random effects (30/48)
   (You found it on level 9 of the Dungeon)
 e - a wand of heal wounds (3/9)
   (You bought it in a shop on level 6 of the Dungeon)
 i - a wand of random effects (15/48)
   (You found it on level 9 of the Dungeon)
 n - a wand of iceblast (0/15)
   (You took it off an orc wizard on level 8 of the Dungeon)
 D - a wand of disintegration (3/24)
   (You found it on level 4 of the Dungeon)
 L - a wand of polymorph (0/24)
   (You found it on level 5 of the Dungeon)
Scrolls
 g - 3 scrolls of enchant weapon
 j - 7 scrolls of remove curse
 m - a scroll of teleportation
 z - a scroll of identify
 C - 3 scrolls of immolation {!r}
 H - 2 scrolls of blinking {!r}
 O - a scroll of holy word {!r}
 P - 2 scrolls of amnesia
Potions
 k - a potion of brilliance
 q - 4 potions of curing
 t - a potion of cure mutation {!q}
 v - 3 potions of heal wounds
 E - 3 potions of lignification {!q}
 F - 3 potions of cancellation
 J - a potion of invisibility
 K - 2 potions of might
 M - 2 potions of ambrosia
 T - a potion of flight
 V - a potion of resistance
Books
 s - a book of Burglary
   (You found it on level 10 of the Dungeon)
Comestibles
 b - 3 slices of pizza
 f - 4 meat rations {@e2}
 o - a royal jelly
 B - 7 beef jerkies


   Skills:
 + Level 9.1 Fighting
 - Level 10.6 Long Blades
 - Level 5.6 Armour
 + Level 8.9 Dodging
 + Level 6.6 Stealth
 - Level 1.2 Evocations


You had 10 spell levels left.
You didn't know any spells.

Dungeon Overview and Level Annotations

Branches:
Dungeon (10/15)            Temple (1/1) D:4            Lair (1/6) D:8
    Orc (0/2) D:10

Altars:
Ashenzari
Cheibriados
Dithmenos
Elyvilon
Fedhas
Gozag
Hepliaklqana
Kikubaaqudgha
Makhleb
Nemelex Xobeh
Okawaru
Pakellas
Qazlal
Ru
Sif Muna
Trog
Uskayaw
Vehumet
Xom
Yredelemnul
Zin
The Shining One

Shops:
D:6 }   D:8 }


Innate Abilities, Weirdness & Mutations

You are small and have problems with some larger weapons.
You are carnivorous and can eat meat at any time.
You are partially covered in thin metallic scales. (AC +2)


Message History

The spark wasp bursts into living lightning!
The living lightning hits you!
The living lightning hits Louis.
The spark wasp blinks!
Louis points at the spark wasp and mumbles some strange words.
The stone arrow misses the spark wasp.
The spark wasp stings Louis.
The spark wasp shocks Louis!
Louis is destroyed!
You hit the spark wasp. The spark wasp misses you.
You block the spark wasp's attack. The spark wasp barely misses you.
You riposte.
You hit the spark wasp.
As you read the scroll of teleportation, it crumbles to dust.
You feel strangely unstable. The spark wasp stings you!!
The spark wasp shocks you!
You take 36 damage, and have 19/63 hp.
MASSIVE DAMAGE!!
The spark wasp barely misses you.
Your surroundings suddenly seem different.
Found 16 gold pieces.
Found a stone staircase leading down.
There is a stone staircase leading down here.
You start resting.
Louis emerges from the mists of memory!
You regained 6 hp, and now have 26/63 hp.
You start resting.
Health restored: 63 You now have 505 gold pieces (gained 16).
R - a scroll labeled SIOL YXAUDE
V - a potion of resistance
As you read the scroll labeled SIOL YXAUDE, it crumbles to dust.
You feel aware of your surroundings.
It was a scroll of magic mapping.
A hippogriff comes into view.
You block the giant frog's attack.
You closely miss the giant frog. The giant frog barely misses you.
You hit the giant frog. You block the giant frog's attack.
You slash the giant frog! You block the giant frog's attack.
The hippogriff bites something.
The hippogriff pecks something but does no damage.
The hippogriff misses something.
The giant frog completely misses you.
You riposte.
You hit the giant frog. You slash the giant frog!
You kill the giant frog!
The hippogriff bites Louis!
The hippogriff closely misses Louis.
The hippogriff claws Louis but does no damage.
You swap places.
The hippogriff completely misses you.
You riposte.
You completely miss the hippogriff. The hippogriff misses you.
The hippogriff claws you but does no damage.
Your shield prevents you from hitting the hippogriff.
The hippogriff bites you but does no damage.
The hippogriff barely misses you.
The hippogriff claws you but does no damage.
You hit the hippogriff. You block the hippogriff's attack. x2
The hippogriff misses you.
You slash the hippogriff! You slash the hippogriff!
The hippogriff closely misses you. The hippogriff completely misses you.
The hippogriff barely misses you.
You barely miss the hippogriff. You block the hippogriff's attack.
The hippogriff pecks you but does no damage.
The hippogriff claws you but does no damage.
Louis casts a spell at the hippogriff.
The stone arrow hits the hippogriff.
The hippogriff dies!
No target in view!
No target in view!
No target in view!
You see here a hippogriff corpse.
You butcher the hippogriff corpse.
R - 3 chunks of flesh {@w0} Eating one of 3 chunks of flesh {@w0}.
You start eating one of the 3 chunks of flesh {@w0}.
You continue eating. x2
You finish eating.
This raw flesh tastes great.
Eating one of 2 chunks of flesh {@w0}.
You start eating one of the 2 chunks of flesh {@w0}.
You continue eating. x2
You finish eating.
This raw flesh tastes great.
Eating a chunk of flesh {@w0}.
You start eating the chunk of flesh {@w0}.
You continue eating. x2
You finish eating.
This raw flesh tastes great.
z - 2 scrolls of identify (gained 1)
You see here a glaive.
As you read the scroll of identify, it crumbles to dust.
T - a potion of flight Put on which piece of jewellery? (? for menu, Esc to quit)
The amulet throbs as it attunes itself to your uninjured body.
r - an amulet of regeneration (around neck)
You now have 517 gold pieces (gained 12).
An electric eel comes into view.
You swap places.
You swap places.
The electric eel is too close now for your liking.
You swap places.
You see here 13 stones.
Okay, then.
The spark wasp stings you! The spark wasp shocks you!
You take 30 damage, and have 33/63 hp.
MASSIVE DAMAGE!!
You closely miss the spark wasp. The spark wasp stings you!!
* * * LOW HITPOINT WARNING * * *
The spark wasp shocks you!
You die...

P#§≈#..............###...#.......
#≈§§#............................
.≈##........P#.##.............#..
.......#.#..P##.###.##.#####..#..
................#.#.##.## #..#..
....................##..# #..##.
........................## #..#..
................yR..(...P###...#.
.$.#............@...P#...........
.....................#..########.
...####.##..#...........#* #.
...#,,#.................P* #.
....,,,,................## #.
....**,,,............P..# #.
.,,,***,,###.........#..# ##
...,***,,**##........#..#*
≈..,,**,,,,,,,,*≈*≈*,,,,,**


You could see the friendly Louis the battlemage and a spark wasp.

Vanquished Creatures
  Joseph (D:8)
  5 blink frogs (Lair:1)
  Eustachio (D:4)
  Sigmund (D:4)
  5 yaks (D:10)
  A hippogriff (D:7)
  Menkaure (D:4)
  A porcupine (Lair:1)
  2 orc warriors
  3 ice beasts
  3 ogres
  A phantom (D:8)
  3 sky beasts
  3 centaurs
  6 giant frogs
  A big kobold (D:8)
  Blork the orc (D:4)
  A gnoll sergeant (D:10)
  4 scorpions
  6 killer bees
  A howler monkey (D:6)
  3 crimson imps
  A giant frog zombie (D:6)
  7 hounds
  4 jellies
  4 orc priests
  A giant frog skeleton (D:5)
  2 iguanas
  9 orc wizards
  2 worker ants
  3 hound zombies
  A hound skeleton (D:4)
  2 worker ant zombies
  6 gnolls
  10 adders
  3 shadow imps
  An ooze (D:1)
  An adder zombie (D:5)
  An adder skeleton (D:8)
  3 worms
  A dart slug (D:2)
  7 giant geckos
  24 orcs
  5 giant cockroaches
  4 hobgoblins
  9 jackals
  2 quokkas
  10 bats
  A giant gecko skeleton (D:4)
  6 giant newts
  6 goblins
  15 kobolds
  A quokka zombie (D:5)
  6 rats
212 creatures vanquished.

Vanquished Creatures (collateral kills)
  A guardian serpent (D:9)
  3 blink frogs (Lair:1)
  3 yaks (D:10)
  A steam dragon (D:9)
  A hippogriff (Lair:1)
  A sky beast (D:10)
  An orc warrior (D:8)
  An ice beast (D:10)
  A phantom (D:8)
  4 black bears
  A centaur (D:5)
  An ogre (D:7)
  2 giant frogs
  3 killer bees (D:7)
  A howler monkey (D:8)
  A giant frog zombie (D:8)
  2 crimson imps
  2 hounds
  A jelly (D:8)
  3 orc wizards
  2 orc priests
  A centaur skeleton (D:5)
  A giant frog skeleton (D:10)
  An iguana (D:5)
  2 worker ants (D:4)
  A hound skeleton (D:5)
  2 gnolls
  An adder (D:8)
  13 orcs
  A giant cockroach (D:7)
59 creatures vanquished.

Vanquished Creatures (others)
  A wasp (D:9)
  4 battlemagi
  An orc (D:3)
6 creatures vanquished.

Grand Total: 277 creatures vanquished

Notes
Turn   | Place    | Note
-------+----------+-------------------------------------------
     0 | D:1      | MackTheKnife the Kobold Wanderer began the quest for the Orb.
     0 | D:1      | MackTheKnife set off with: a wand of flame (15/48), a +0 hand crossbow, 33 bolts, a +0 spear, a +0 robe, a meat ration {@e2}
     0 | D:1      | Reached XP level 1. HP: 18/18 MP: 1/1
   139 | D:1      | Reached XP level 2. HP: 23/23 MP: 2/2
   164 | D:1      | Reached skill level 7 in Fighting
   455 | D:1      | Reached XP level 3. HP: 27/28 MP: 3/3
  1034 | D:2      | Reached XP level 4. HP: 34/34 MP: 4/4
  1046 | D:2      | Reached skill level 1 in Dodging
  1116 | D:2      | Reached skill level 2 in Dodging
  1232 | D:2      | Found a faded altar of an unknown god.
  1272 | D:2      | Reached skill level 3 in Dodging
  1276 | D:2      | Reached XP level 5. HP: 32/38 MP: 5/5
  1687 | D:3      | Reached skill level 4 in Dodging
  1707 | D:3      | Found a shattered altar of Ashenzari.
  1709 | D:3      | Found a bloodstained altar of Trog.
  2182 | D:3      | Reached XP level 6. HP: 38/44 MP: 6/6
  2378 | D:2      | Reached skill level 5 in Dodging
  2736 | D:3      | Found a stormy altar of Qazlal.
  2738 | D:3      | Found a glowing golden altar of the Shining One.
  2979 | D:4      | Noticed Sigmund
  2992 | D:4      | Killed Sigmund
  2992 | D:4      | Reached skill level 7 in Dodging
  2992 | D:4      | Reached XP level 7. HP: 34/48 MP: 7/7
  3218 | D:4      | Noticed Blork the orc
  3233 | D:4      | Killed Blork the orc
  3233 | D:4      | Reached skill level 2 in Armour
  3340 | D:4      | Found an ancient bone altar of Kikubaaqudgha.
  3341 | D:4      | Found a hazy altar of Hepliaklqana.
  3341 | D:4      | Found a sparkling altar of Nemelex Xobeh.
  3343 | D:4      | Found a radiant altar of Vehumet.
  3345 | D:4      | Found a blossoming altar of Fedhas.
  3345 | D:4      | Found a glowing silver altar of Zin.
  3346 | D:4      | Found a shimmering altar of Xom.
  3349 | D:4      | Became a worshipper of Hepliaklqana
  3376 | D:4      | Noticed Menkaure
  3382 | D:4      | Killed Menkaure
  3382 | D:4      | Reached skill level 3 in Armour
  3450 | D:4      | Found a staircase to the Ecumenical Temple.
  3629 | Temple   | Entered the Ecumenical Temple
  3715 | D:4      | Noticed Eustachio
  3747 | D:4      | Killed Eustachio
  3747 | D:4      | Reached skill level 4 in Armour
  3747 | D:4      | Reached XP level 8. HP: 43/47 MP: 8/8
  3795 | D:4      | Found an iron altar of Okawaru.
  3910 | D:5      | Entered Level 5 of the Dungeon
  3925 | D:4      | Reached skill level 5 in Armour
  4442 | D:5      | Reached * piety under Hepliaklqana
  4479 | D:5      | Reached skill level 1 in Long Blades
  4574 | D:5      | Reached skill level 2 in Long Blades
  4827 | D:5      | Reached skill level 3 in Long Blades
  4861 | D:5      | Reached XP level 9. HP: 51/51 MP: 9/9
  5628 | D:6      | Reached skill level 4 in Long Blades
  5871 | D:6      | Reached ** piety under Hepliaklqana
  5872 | D:6      | Remembered your ancestor Louis as a battlemage
  5891 | D:6      | Found Rurubu's Quality Used Wands.
  6275 | D:6      | Reached skill level 5 in Long Blades
  6468 | D:7      | Noticed Prince Ribbit
  6469 | D:7      | Noticed Prince Ribbit
  6469 | D:7      | Prince Ribbit changed into Prince Ribbit the black bear
  6477 | D:7      | Killed Prince Ribbit the black bear
  6493 | D:7      | Reached skill level 6 in Long Blades
  6641 | D:7      | Reached skill level 7 in Long Blades
  6651 | D:7      | Reached XP level 10. HP: 41/56 MP: 10/10
  7149 | D:6      | Bought a wand of heal wounds (0/9) for 312 gold pieces
  7252 | D:7      | Reached skill level 8 in Long Blades
  7475 | D:8      | Found a staircase to the Lair.
  7907 | D:8      | Reached skill level 9 in Long Blades
  7973 | D:8      | Reached *** piety under Hepliaklqana
  7980 | D:8      | Found a glowing golden altar of the Shining One.
  8058 | D:8      | Noticed Joseph
  8069 | D:8      | Killed Joseph
  8235 | D:8      | Found Lenguac's Gadget Emporium.
  8282 | D:8      | Found an oddly glowing altar of Pakellas.
  8782 | D:9      | Reached skill level 10 in Long Blades
  8967 | D:9      | Reached XP level 11. HP: 58/60 MP: 11/11
  8985 | D:9      | HP: 12/60 [guardian serpent (5)]
  9410 | D:10     | Entered Level 10 of the Dungeon
  9431 | D:10     | Reached skill level 2 in Stealth
  9441 | D:10     | Reached skill level 3 in Stealth
  9494 | D:10     | Gained mutation: You are dopey. (Int -2) [potion of mutation]
  9494 | D:10     | Gained mutation: You are weak. (Str -2) [potion of mutation]
  9494 | D:10     | Gained mutation: You are partially covered in thin metallic scales. (AC +2) [potion of mutation]
  9495 | D:10     | Lost mutation: You are dopey. (Int -2) [potion of cure mutation]
  9495 | D:10     | Lost mutation: You are weak. (Str -2) [potion of cure mutation]
  9711 | D:10     | Reached skill level 8 in Fighting
  9714 | D:10     | Found a sparkling altar of Nemelex Xobeh.
  9871 | D:10     | Found a staircase to the Orcish Mines.
  9875 | D:10     | Reached skill level 4 in Stealth
  9886 | D:10     | Reached skill level 8 in Dodging
  9894 | D:10     | Reached skill level 5 in Stealth
 10304 | D:10     | Reached **** piety under Hepliaklqana
 10443 | Lair:1   | Entered Level 1 of the Lair of Beasts
 10530 | Lair:1   | Reached skill level 6 in Stealth
 10725 | Lair:1   | Noticed a six-headed hydra
 10990 | Lair:1   | Reached skill level 9 in Fighting
 10995 | Lair:1   | Noticed a spark wasp
 10995 | Lair:1   | a six-headed hydra changed into a spark wasp
 11390 | Lair:1   | HP: 9/63 [spark wasp (24)]
 11390 | Lair:1   | Slain by a spark wasp

Vault maps used:
D:1:      erik_arrival_cave_to_civilisation, serial_corexii_hall,
          corexii_hall_statues_t, corexii_hall_statues_u
D:2:      ecumenical_altar_1, first_bread
D:3:      nicolae_overflow_hidden_temple
D:4:      grunt_temple_overflow_open, okawaru_metal_pillars_1_2, uniq_menkaure,
          uniq_sigmund, uniq_eustachio, uniq_blork_the_orc
D:6:      nicolae_for_you_no_charge
D:7:      hangedman_cross_stitches, grunt_ogre_cave, uniq_prince_ribbit1
D:8:      kennysheep_mini_moat, lair_0_dummy, serial_shops, shop,
          tso_metal_star, uniq_joseph
D:9:      nrook_guardian_serpent_ordinary
D:10:     david_orc_3, basic_altar
Temple:   eino_wide_crystal_templ
Lair:1:   infiniplex_staircase_pool

Skill      XL: |  1  2  3  4  5  6  7  8  9 10 11 |
---------------+----------------------------------+-----
Fighting       | 7 9 |  9.1
Dodging        | 3 4 7 8 |  8.9
Armour         | 4 5 |  5.6
Long Blades    | 3 7 10 | 10.6
Stealth        | 6 |  6.6
Evocations     | |  1.2

Action                   |  1- 3 |  4- 6 |  7- 9 | 10-12 || total
-------------------------+-------+-------+-------+-------++-------
Melee: Spear             |   115 |   163 |    16 |       ||   294
       War axe           |       |       |    43 |       ||    43
       Falchion          |       |       |   157 |   345 ||   502
       Flail             |       |       |     2 |       ||     2
 Fire: Hand crossbow     |    16 |    18 |    18 |       ||    52
       Blowgun           |       |    12 |    15 |     8 ||    35
Invok: Ancestor Identity |       |       |     1 |       ||     1
       Ancestor Life: Ba |       |       |     1 |       ||     1
Evoke: Wand              |       |     2 |     5 |    11 ||    18
  Use: Scroll            |       |     8 |     8 |    15 ||    31
       Potion            |       |       |       |     4 ||     4
 Stab: Sleeping          |     6 |     2 |     1 |    10 ||    19
       Distracted        |       |       |     1 |     3 ||     4
  Eat: Chunk             |       |     7 |    16 |    17 ||    40
Armor: Robe              |    20 |     9 |       |       ||    29
       Ring mail         |       |    33 |    59 |       ||    92
       Leather armour    |       |       |    14 |    68 ||    82
Dodge: Dodged            |    72 |   109 |   162 |   192 ||   535
Block: Shield            |       |       |       |    27 ||    27

Vault maps used:
D:1:      erik_arrival_cave_to_civilisation, serial_corexii_hall,
          corexii_hall_statues_t, corexii_hall_statues_u
D:2:      ecumenical_altar_1, first_bread
D:3:      nicolae_overflow_hidden_temple
D:4:      grunt_temple_overflow_open, okawaru_metal_pillars_1_2, uniq_menkaure,
          uniq_sigmund, uniq_eustachio, uniq_blork_the_orc
D:6:      nicolae_for_you_no_charge
D:7:      hangedman_cross_stitches, grunt_ogre_cave, uniq_prince_ribbit1
D:8:      kennysheep_mini_moat, lair_0_dummy, serial_shops, shop,
          tso_metal_star, uniq_joseph
D:9:      nrook_guardian_serpent_ordinary
D:10:     david_orc_3, basic_altar
Temple:   eino_wide_crystal_templ
Lair:1:   infiniplex_staircase_pool

Table legend:
 A = Turns spent in this place as a percentage of turns spent in the entire game.
 B = Non-inter-level travel turns spent in this place as a percentage of non-inter-level travel turns spent in the entire game.
 C = Inter-level travel turns spent in this place as a percentage of turns spent in this place.
 D = Turns resting spent in this place as a percentage of non-inter-level travel turns spent in this place.
 E = Turns spent auto-exploring this place as a percentage of non-inter-level travel turns spent in this place.
 F = Non-inter-level travel turns spent in this place divided by the number of levels of this place that you've seen.
                   A       B       C       D       E      F
               +-------+-------+-------+-------+-------+----------------------
         Total | 100.0 | 100.0 |   0.7 |   2.6 |   9.4 | 267.2
       Dungeon |  88.8 |  88.8 |   0.7 |   2.6 |  10.1 | 284.8
        Temple |   0.3 |   0.3 |  10.0 |   0.0 | 100.0 |   9.0
          Lair |  10.8 |  10.9 |   0.3 |   2.0 |   1.4 | 349.0
               +-------+-------+-------+-------+-------+----------------------

Table legend:
 A = Kills in this place as a percentage of kills in entire the game.
 B = Kills by you in this place as a percentage of kills by you in the entire game.
 C = Kills by friends in this place as a percentage of kills by friends in the entire game.
 D = Other kills in this place as a percentage of other kills in the entire game.
 E = Experience gained in this place as a percentage of experience gained in the entire game.
 F = Experience gained in this place divided by the number of levels of this place that you have seen.
                   A       B       C       D       E      F
               +-------+-------+-------+-------+-------+----------------------
         Total | 100.0 | 100.0 | 100.0 | 100.0 | 100.0 | 1145.6
       Dungeon |  96.0 |  96.7 |  93.2 | 100.0 |  81.3 | 1117.3
          Lair |   4.0 |   3.3 |   6.8 |   0.0 |  18.7 | 2574.0
               +-------+-------+-------+-------+-------+----------------------
